 Dungeon Crawl Stone Soup version 0.31-a0-1338-gb567cfdca4 (webtiles) character file.

Game seed: 4206811104420617612

7214 jestert79 the Bludgeoner (level 11, -3/101 HPs)
             Began as an Oni Fighter on Dec 23, 2023.
             Was a Believer of Uskayaw.
             Slain by a cane toad (15 damage)
             ... on level 1 of the Lair of Beasts.
             The game lasted 00:34:58 (11852 turns).

jestert79 the Bludgeoner (Oni Fighter)             Turns: 11852, Time: 00:34:58

Health: -3/101     AC:  3    Str: 26    XL:     11   Next: 11%
Magic:  11/11      EV: 14    Int:  9    God:    Uskayaw [**....]
Gold:   587        SH:  8    Dex: 10    Spells: 10/10 levels left

rFire   + . .        u - +1 morningstar (heavy)
rCold   . . .        c - +0 kite shield
rNeg    . . .        b - +0 robe
rPois   .            (helmet restricted)
rElec   .            (no cloak)
rCorr   .            (gloves unavailable)
SInv    .            (boots unavailable)
Will    +....        s - amulet of magic regeneration
Stlth   +            m - ring "Soypn" {rF+ Str+2}
HPRegen 0.36/turn    f - +5 ring of evasion
MPRegen 0.52/turn

%: no passive effects
@: lethally poisoned (-3 -> -11)
A: drunken brawling, large, unfitting armour, horns 1, tough skin 1, double
potion healing
a: Renounce Religion, Stomp, Line Pass


You were on level 1 of the Lair of Beasts.
You worshipped Uskayaw.
Uskayaw was noncommittal.
You visited 3 branches of the dungeon, and saw 12 of its levels.
You also visited: Bailey.

You collected 627 gold pieces.
You spent 40 gold pieces at shops.

Inventory:

Hand Weapons
 e - a +1 sling of freezing
 u - a +1 heavy morningstar (weapon)
Missiles
 q - 38 poisoned darts
 r - 3 javelins (quivered)
Armour
 b - a +0 robe (worn)
 c - a +0 kite shield (worn)
Jewellery
 a - a +5 ring of evasion
 f - a +5 ring of evasion (right hand)
 m - the ring "Soypn" (left hand) {rF+ Str+2}
   (You took it off a kobold on level 2 of the Dungeon)

   [ring of protection from fire]

   Str+2:     It affects your strength (+2).
   rF+:       It protects you from fire.
 n - a ring of protection from cold
 s - an amulet of magic regeneration (around neck)
 x - a ring of positive energy
 y - a ring of willpower
Wands
 v - a wand of polymorph (7)
 A - a wand of charming (4)
Scrolls
 i - 4 scrolls of teleportation
 k - a scroll of identify
 t - 2 scrolls of blinking
Potions
 d - 3 potions of might
 g - a potion of brilliance {unknown}
 h - a potion of lignification
 j - a potion of enlightenment
 l - a potion of ambrosia
 o - 2 potions of curing
 w - a potion of mutation


   Skills:
 + Level 4.9 Fighting
 + Level 15.6 Maces & Flails
 + Level 3.3 Dodging
 + Level 5.2 Shields


You had 10 spell levels left.
You didn't know any spells.
Your spell library contained the following spells:

 Spells                   Type           Power      Damage    Failure   Level
 Ensorcelled Hibernation  Hex/Ice        0%         N/A       75%         2
 Jinxbite                 Hex            0%         N/A       75%         2
 Passwall                 Alch/Erth      0%         N/A       75%         2
 Stone Arrow              Conj/Erth      0%         3d7       93%         3
 Swiftness                Air            0%         N/A       93%         3
 Animate Armour           Summ/Erth      0%         N/A       100%        4
 Yara's Violent Unravell  Hex/Alch       0%         3d3       100%        5
 Simulacrum               Ice/Necr       0%         N/A       100%        6
 Enfeeble                 Hex            0%         N/A       100%        7
 Ozocubu's Refrigeration  Ice            0%         4d7       100%        7
 Lehudib's Crystal Spear  Conj/Erth      0%         10d2      100%        8
 Polar Vortex             Ice            0%         N/A       100%        9


Dungeon Overview and Level Annotations

Branches:
Dungeon (10/15)            Temple (1/1) D:7            Lair (1/5) D:8
    Orc (0/2) D:9          Bailey (visited)

Altars:
Ashenzari
Cheibriados
Dithmenos
Elyvilon
Fedhas
Gozag
Hepliaklqana
Kikubaaqudgha
Makhleb
Nemelex Xobeh
Okawaru
Qazlal
Ru
Sif Muna
Trog
Uskayaw
Vehumet
Wu Jian
Xom
Yredelemnul
Zin
The Shining One

Shops:
D:3 =   D:4 *   D:8 =   D:9 ?[

Annotations:
D:2 1 runed translucent door, Crazy Yiuf
D:7 exclusion: door


Innate Abilities, Weirdness & Mutations

Whenever you drink a potion that restores your health or magic, you attack all enemies around you.
You are too large for most types of armour.
You have a pair of small horns on your head.
You have tough skin. (AC +1)
Whenever you drink a potion that restores your health or magic, it restores twice as much.


Message History

Unknown command.
You impale the cane toad!!
The cane toad is severely wounded.
You feel sick.
You hear a trumpeting!
The cane toad barely misses you.
The elephant tramples you but does no damage.
The elephant misses you.
An elephant comes into view.
You can now pass through a line of other dancers.
You hit the cane toad.
The cane toad is severely wounded.
You feel sick. The cane toad stings you!
You are more poisoned.
The cane toad poisons you! The elephant tramples you!
* * * LOW HITPOINT WARNING * * *
You hold your ground!
The elephant barely misses you. The cane toad barely misses you.
Unknown command.
You closely miss the cane toad.
The cane toad is severely wounded.
You feel very sick. You block the elephant's attack.
The elephant barely misses you. You block the elephant's attack.
The elephant trunk-slaps you but does no damage.
An elephant comes into view.
The cane toad misses you.
You hit the cane toad.
You headbutt the cane toad, but do no damage.
The cane toad is severely wounded.
You feel very sick. The elephant tramples you.
* * * LOW HITPOINT WARNING * * *
You stumble backwards!
The cane toad closely misses you.
An elephant comes into view.
You closely miss the cane toad.
The cane toad is severely wounded.
You feel very sick. You block the cane toad's attack. The cane toad stings you!
You die...

##
#######.##
##........#
#.........##
##.........#
#YYYF.....#
+.Y@.....#
#.<..(...#
#.........#
#........##
#$+#######
##


You could see 4 elephants and a cane toad.

Vanquished Creatures
  A komodo dragon (D:8)
  A troll (D:6)
  5 yaks
  A wyvern (D:8)
  4 vampire mosquitoes (D:7)
  4 water moccasins
  15 orc warriors
  A sky beast (shapeshifter) (D:9)
  A sky beast (D:6)
  3 ice beasts
  2 black bears (D:8)
  An ogre (D:6)
  A centaur (D:9)
  3 kobold brigands
  2 phantoms (D:6)
  3 bullfrogs
  Blork the orc (D:5)
  A gnoll sergeant (D:6)
  6 scorpions
  5 wights (D:8)
  4 killer bees
  3 howler monkeys
  2 jellies
  4 hounds
  9 orc priests
  2 sleepcaps
  Jessica (D:2)
  4 iguanas
  9 orc wizards
  11 gnolls
  5 adders
  2 white imps
  2 bombardier beetles
  2 ufetubi (D:6)
  3 worms
  2 dart slugs
  50 orcs
  6 bats
  3 endoplasms
  A giant cockroach (D:4)
  6 goblins
  14 hobgoblins
  8 jackals
  25 kobolds
  3 quokkas
  3 ball pythons
  2 frilled lizards (D:3)
  6 rats
253 creatures vanquished.

Notes
Turn   | Place    | Note
-------+----------+-------------------------------------------
     0 | D:1      | jestert79 the Oni Fighter began the quest for the Orb.
     0 | D:1      | Reached XP level 1. HP: 24/24 MP: 1/1
    75 | D:1      | Found a faded altar of an unknown god.
   195 | D:1      | Reached XP level 2. HP: 32/32 MP: 2/2
   371 | D:1      | Reached skill level 3 in Maces & Flails
   936 | D:2      | Reached XP level 3. HP: 39/39 MP: 3/3
   993 | D:2      | Found a runed translucent door.
   994 | D:2      | Noticed Crazy Yiuf
  1048 | D:2      | Noticed Jessica
  1051 | D:2      | Killed Jessica
  1083 | D:2      | Identified the ring "Soypn" {rF+ Str+2}
  1532 | D:3      | Reached XP level 4. HP: 42/48 MP: 4/4
  1546 | D:3      | Reached skill level 4 in Maces & Flails
  1949 | D:3      | Found Anuas's One-of-a-Kind Rings.
  2034 | D:3      | Reached XP level 5. HP: 52/54 MP: 5/5
  2828 | D:4      | You fall into a shaft and drop 1 floor!
  2828 | D:5      | Entered Level 5 of the Dungeon
  2865 | D:5      | Reached skill level 5 in Maces & Flails
  3022 | D:5      | Noticed Blork the orc
  3077 | D:4      | Reached XP level 6. HP: 51/62 MP: 4/6
  3252 | D:4      | Found a basalt altar of Yredelemnul.
  3274 | D:4      | Reached skill level 6 in Maces & Flails
  3343 | D:4      | Reached XP level 7. HP: 70/70 MP: 7/7
  3608 | D:4      | Found a broken altar of Ashenzari.
  3645 | D:4      | Found Xephu's Assorted Antiques.
  3948 | D:4      | Reached skill level 7 in Maces & Flails
  4670 | D:5      | Reached XP level 8. HP: 39/78 MP: 8/8
  4675 | D:5      | Reached skill level 8 in Maces & Flails
  4692 | D:5      | HP: 3/78 [scorpion (3)]
  4693 | D:5      | HP: 1/78 [poisoned by a scorpion]
  5145 | D:5      | Reached skill level 9 in Maces & Flails
  5321 | D:5      | Found a bloodstained altar of Trog.
  5783 | D:5      | Killed Blork the orc
  5936 | D:6      | Reached skill level 10 in Maces & Flails
  6013 | D:6      | Reached XP level 9. HP: 84/84 MP: 9/9
  6029 | D:6      | Noticed a troll
  6041 | D:6      | Killed a troll
  6048 | D:6      | Reached skill level 11 in Maces & Flails
  6987 | D:7      | Found a glowing golden altar of the Shining One.
  7035 | D:7      | Found a stormy altar of Qazlal.
  7107 | D:7      | Found a shimmering blue altar of Sif Muna.
  7277 | D:7      | Found a glowing silver altar of Zin.
  7306 | D:7      | Reached skill level 12 in Maces & Flails
  7617 | D:7      | Found a staircase to the Ecumenical Temple.
  7623 | Temple   | Entered the Ecumenical Temple
  7652 | Temple   | Became a worshipper of Uskayaw the Reveller
  7722 | D:8      | Found Ruumeafu's Jewellery Boutique.
  7758 | D:8      | Reached * piety under Uskayaw
  7828 | D:8      | Reached ** piety under Uskayaw
  7840 | D:8      | Reached *** piety under Uskayaw
  7871 | D:8      | Reached skill level 13 in Maces & Flails
  7871 | D:8      | Reached XP level 10. HP: 60/92 MP: 10/10
  7900 | D:8      | Found a snail-covered altar of Cheibriados.
  7958 | D:8      | Reached **** piety under Uskayaw
  7985 | D:8      | Found a blossoming altar of Fedhas.
  8037 | D:8      | Found a shadowy altar of Dithmenos.
  8080 | D:8      | Found an ornate altar of the Wu Jian Council.
  8178 | D:8      | Found a flagged portal.
  8215 | Bailey   | Entered a bailey
  8832 | Bailey   | Reached skill level 14 in Maces & Flails
  8900 | Bailey   | Identified the +6 plate armour "Jilidgh" {rElec rCorr SInv}
  9173 | D:8      | Found a staircase to the Lair.
  9712 | D:8      | Noticed a two-headed ogre
  9712 | D:8      | Reached ***** piety under Uskayaw
 10019 | D:9      | Found Loaduwk's Armour Emporium.
 10019 | D:9      | Found a staircase to the Orcish Mines.
 10029 | D:8      | Reached skill level 15 in Maces & Flails
 10645 | D:9      | Reached XP level 11. HP: 100/100 MP: 11/11
 10727 | D:8      | Reached skill level 5 in Shields
 11400 | D:9      | Found Utremuyll's Magic Scroll Shoppe.
 11408 | D:9      | Bought a scroll of identify for 20 gold pieces
 11408 | D:9      | Bought a scroll of identify for 20 gold pieces
 11785 | D:10     | Entered Level 10 of the Dungeon
 11843 | Lair:1   | Entered Level 1 of the Lair of Beasts
 11852 | Lair:1   | Slain by a cane toad

Illustrated notes

Levels and vault maps discovered:
D:1:      tekkud_arrival_beachfront_property, layout_loops_ring,
          shapermc_ecumenical_altar_mp_ritualfount, serial_bayou_ford_a,
          chequers_serial_rivers_micro_e
D:2:      layout_basic, serial_glass, glass_columns_a, glass_columns_b,
          glass_columns_b, glass_columns_a, glass_columns_b, glass_columns_c,
          glass_columns_a, glass_columns_b, glass_columns_a, glass_columns_b,
          uniq_jessica, uniq_crazy_yiuf_cottage
D:3:      cheibrodos_greedy_goblins, layout_basic, nicolae_shop_unique_rings,
          minmay_statues_item, lightli_corner_chamber
D:4:      layout_basic, nicolae_ashenzari_skybound, lemuel_crystal_altar,
          serial_shops, nicolae_shop_dealshenge
D:5:      layout_rooms, mainiacjoe_overflow_brackets, nicolae_underground_beach,
          uniq_blork_the_orc
D:6:      layout_basic
D:7:      layout_cave_pools, nicolae_overflow_crystal_walls,
          nicolae_qazlal_general_emergency, led_sif_book,
          mainiacjoe_overflow_small_starburst, minmay_temple_entry_fiery
D:8:      layout_basic, overflow_temple_1_default,
          mainiacjoe_overflow_concentric_impassable,
          mainiacjoe_overflow_six_doors_small, fedhas_altar_2,
          due_lair_maze_entry_diamond, enter_bailey_2, serial_shops,
          nicolae_shop_advertising_works [nicolae_subvault_shop_adworks]
D:9:      layout_irregular_city, orc_david_3, serial_shops,
          nicolae_shop_tiny_statue_garden, serial_rivers,
          chequers_serial_rivers_micro_a, chequers_serial_rivers_room_a,
          chequers_serial_rivers_micro_c, chequers_serial_rivers_small_3,
          kennysheep_small_square
D:10:     layout_roguey, uniq_maggie, uniq_snorg
Temple:   grunt_temple_mini_profane
Lair:1:   layout_roguey

Skill      XL: |  1  2  3  4  5  6  7  8  9 10 11 |
---------------+----------------------------------+-----
Maces & Flails | 3 4 5 6 7 10 13 15 | 15.6
Shields        | 3 4 5 |  5.2
Dodging        | 3 |  3.3
Fighting       | |  4.9

Action                     |  1- 3 |  4- 6 |  7- 9 | 10-12 || total
---------------------------+-------+-------+-------+-------++-------
  Melee: Flail             |    75 |   177 |   162 |       ||   414
         Headbutt          |     9 |    29 |    68 |    59 ||   165
         Morningstar       |       |       |   226 |   293 ||   519
  Throw: Javelin           |       |       |       |     2 ||     2
    Use: Scroll            |       |       |     7 |     6 ||    13
         Potion            |       |       |     3 |     1 ||     4
   Stab: Paralysed         |       |       |     3 |     8 ||    11
         Distracted        |       |       |       |     2 ||     2
 Armour: Robe              |    50 |   111 |   206 |   132 ||   499
  Dodge: Dodged            |    33 |    56 |   193 |   148 ||   430
  Block: Kite shield       |    28 |    68 |   161 |   113 ||   370

Table legend: (Time is in decaauts)
 A = Elapsed time spent in this place.
 B = Non-inter-level travel time spent in this place.
 C = Inter-level travel time spent in this place.
 D = Time resting spent in this place.
 E = Time spent auto-exploring this place.
 F = Levels seen in this place.
 G = Mean time per level.
                   A        B        C        D        E       F      G
               +--------+--------+--------+--------+--------+-----+--------+
         Total |  11978 |  11118 |    860 |   2437 |   5714 |  13 |  921.4 |
       Dungeon |  11100 |  10291 |    809 |   2301 |   5384 |  10 | 1110.0 |
        Temple |     53 |      2 |     51 |      0 |      0 |   1 |   53.0 |
          Lair |      9 |      9 |      0 |      0 |      0 |   1 |    9.0 |
        Bailey |    813 |    813 |      0 |    136 |    330 |   1 |  813.0 |
               +--------+--------+--------+--------+--------+-----+--------+

Top non-repeatable levels by time:
     D:8: 1951 daAuts
     D:5: 1443 daAuts
     D:4: 1396 daAuts
     D:3: 1390 daAuts
     D:9: 1342 daAuts
     D:2: 1137 daAuts
     D:6: 1031 daAuts
  Bailey: 813 daAuts
     D:7: 749 daAuts
     D:1: 656 daAuts
  Temple: 53 daAuts
  Lair:1: 9 daAuts
    D:10: 1 daAuts
